[Event "15. ročník Dobrovický rapid Tereos TTD a.s."]
[Site "Dobrovice, Czech Republic"]
[Date "2020.02.29"]
[Round "2.14"]
[White "Pirvulescu Adrian"]
[Black "Groh Jiri"]
[Result "1-0"]
[TimeControl "15m + 3s / tah"]
[WhiteElo "1829"]
[BlackElo "2031"]

1. e4 c5 2. Nc3 Nc6 3.
f4 g6 4.
Nf3 Bg7 5. Bb5 d6 6. Bxc6+ bxc6 7. O-O e6 8. d3 Ne7 9. Qe1 O-O 10. e5 Nd5 11. Ne4 dxe5 12. fxe5 Nb4 13. Qc3 Qd5 14.
a3 Na6 15. Be3 Rd8 16. Nf6+ Bxf6 17. exf6 Rb8 18. b3 Qh5 19. Ne5 Bd7 20. Bxc5 Nxc5 21. Qxc5 Be8 22. Qe3 Rb5 23. Rae1 Rdd5 24.
d4 c5 25. c4 cxd4 26. Qf3 Rxe5 27. Qxh5 Rxh5 28. cxb5 Bxb5 29. Rf4 d3 30. a4 Ba6 31. Rd4 h6 32. Rd8+ Kh7 33. Rd7 Rf5 34. Rxf7+ Kg8 35. Rxa7 d2 36. Rd1 Rxf6 37. Rxa6 h5 38.
Rxd2 Kh7 39. Rf2 Rf5 40. Rxf5 exf5 41. Kf2 Kg7 42. Re6 Kf7 43. Re2 g5 44. a5 Kf6 45. a6 f4 46. a7 g4 47. a8=Q 1-0

[ePGN "0.1;DGT LiveChess/2.2.5"]

[Event "15. ročník Dobrovický rapid Tereos TTD a.s."]
[Site "Dobrovice, Czech Republic"]
[Date "2020.02.29"]
[Round "3.1"]
[White "Plat Vojtech"]
[Black "Pesek Radomir"]
[Result "1-0"]
[TimeControl "15m + 3s / tah"]
[WhiteElo "2553"]
[BlackElo "1999"]

1. e4 c5 2. Nf3 d6 3. c3 Nc6 4. d4 cxd4 5. cxd4 e6 6. Nc3 a6 7. Be2 Be7 8. O-O Nf6 9. h3 O-O 10.
Be3 b5 11. d5 Ne5 12. dxe6 Bxe6 13. Nd4 b4 14. Na4 Nxe4 15. f4 Nc4 16. Nxe6 Nxe3 17. Nxd8 Nxd1 18. Nc6 Ne3 19. Nxe7+ Kh8 20. Rf3 Nc2 21. Rd1 Rfe8 22.
Bd3 Rxe7 23. Bxc2 Rd8 24. Re3 f5 25. Nb6 1-0

[Event "15. ročník Dobrovický rapid Tereos TTD a.s."]
[Site "Dobrovice, Czech Republic"]
[Date "2020.02.29"]
[Round "3.2"]
[White "Melich Jindrich"]
[Black "Zwardon Vojtech"]
[Result "0-1"]
[TimeControl "15m + 3s / tah"]
[WhiteElo "1952"]
[BlackElo "2460"]

1. b4 g6 2. Bb2 Nf6 3. c4 Bg7 4. Nf3 b6 5. e3 Bb7 6. Be2 c5 7. bxc5 bxc5 8. O-O O-O 9. d3 Nc6 10. Nbd2 Rb8 11. Bc3 Qc7 12.
Rb1 Ba8 13. a3 Rxb1 14. Qxb1 Rb8 15. Qc2 Qb7 16. Rb1 Qa6 17. Rxb8+ Nxb8 18. Qb2 Nc6 19. Ne4 Nxe4 20. Bxg7 f6 21.
dxe4 Kxg7 22. e5 Qb6 23. exf6+ exf6 24. Qd2 Qc7 25. h3 Bb7 26. Qc3 Qd6 27. Nd2 Ne5 28. f4 Qc6 29. Nf3 Nf7 30.
Ne1 Qe6 31. Bf3 Bxf3 32. Nxf3 Nd6 33. Nd2 Nf5 34. Kf2 h5 35. g3 Qc6 36. Nf3 Nd6 37. Qd3 Ne4+ 38. Kg2 Qb7 39. Qc2 f5 40.
Kh2 Kh6 41. Ne5 d6 42. Nd3 Kh7 43. Qb2 Qf7 44. Qc2 Nf6 45. Nf2 Qb7 46. Qe2 Kg7 47. g4 h4 48. gxf5 gxf5 49. Kg1 Kf7 50.
Qd3 Ke6 51. Qc2 Qf3 52. Qd2 Nh5 53. Qd1 Ng3 54. Qd2 Kd7 55. Qd3 Ne4 56. Nxe4 fxe4 57. Qc3 Qg3+ 0-1

[Event "15. ročník Dobrovický rapid Tereos TTD a.s."]
[Site "Dobrovice, Czech Republic"]
[Date "2020.02.29"]
[Round "3.3"]
[White "Kourousis Epaminondas"]
[Black "Jacek Miloslav"]
[Result "1-0"]
[TimeControl "15m + 3s / tah"]
[WhiteElo "2406"]
[BlackElo "1977"]

1. e4 c5 2. b3 d5 3. exd5 Qxd5 4. Bb2 Nf6 5. Nc3 Qd6 6. Nf3 Nc6 7. Be2 Bf5 8. O-O e6 9. d4 Be7 10.
Nb5 Qd8 11. dxc5 Bxc5 12. Nbd4 Be4 13. Nxc6 Bxc6 14. Ne5 O-O 15. Nxc6 bxc6 16. Bf3 Qb6 17. Qe2 Rfd8 18. Rad1 Nd5 19.
g3 a5 20. Rd3 Nb4 21. Rxd8+ Rxd8 22. a3 Nd5 23. Rd1 Be7 24. c4 Nf6 25. Rxd8+ Bxd8 26. Qd3 Be7 27. Kg2 h6 28. h4 Qc5 29.
Kf1 Qb6 30. Ke2 c5 31. Kd1 a4 32. Kc2 axb3+ 33. Qxb3 Qd6 34. Qd3 Qb6 35. g4 Qa5 36. g5 hxg5 37. hxg5 Ne8 38. g6 Qa4+ 39. Kb1 fxg6 40. Qxg6 Bf6 41.
Bg4 Qd7 42. Qe4 Kf7 43. Bh5+ Ke7 44. Bxe8 Kxe8 45. Bxf6 gxf6 46.
Kc2 Qa4+ 47. Kb2 Qd7 48. f4 Kf7 49. Qh7+ Ke8 50. Qh8+ Ke7 51. Qg7+ Ke8 52. Qxf6 Qd2+ 53. Kb3 Qd3+ 54. Qc3 Qb1+ 55. Ka4 Qd1+ 56. Kb5 Qd6 57. Qe5 Qd7+ 58. Kxc5 Qa7+ 59. Kb4 Kf7 60. f5 1-0

[Event "15. ročník Dobrovický rapid Tereos TTD a.s."]
[Site "Dobrovice, Czech Republic"]
[Date "2020.02.29"]
[Round "3.4"]
[White "Janous Petr"]
[Black "Velicka Petr"]
[Result "0-1"]
[TimeControl "15m + 3s / tah"]
[WhiteElo "1931"]
[BlackElo "2395"]

1. e4 c6 2. Nc3 d5 3. Nf3 Bg4 4. h3 Bxf3 5. Qxf3 Nf6 6. d4 dxe4 7. Qe3 Nbd7 8. Nxe4 Nxe4 9. Qxe4 Nf6 10. Qd3 e6 11. Bf4 Bd6 12.
Bxd6 Qxd6 13. O-O-O O-O-O 14. Kb1 c5 15. Qa3 Kb8 16. Be2 cxd4 17. Qb3 Qc7 18. Bf3 Rd6 19. Rhe1 Rhd8 20. Rd3 Nd7 21. Qa3 Nc5 22.
Rd2 Ra6 23. Qb4 Ra4 24. Qb5 d3 25.
Bxb7 Ra5 0-1

[Event "15. ročník Dobrovický rapid Tereos TTD a.s."]
[Site "Dobrovice, Czech Republic"]
[Date "2020.02.29"]
[Round "3.5"]
[White "Suran Jan"]
[Black "Flasar Jaroslav"]
[Result "1-0"]
[TimeControl "15m + 3s / tah"]
[WhiteElo "2335"]
[BlackElo "1969"]

1. e4 c5 2. Nf3 e6 3. d4 cxd4 4.
Nxd4 a6 5. Nc3 Nc6 6. Nxc6 bxc6 7. Bd3 d5 8. O-O g6 9. Qe2 Bg7 10. Na4 Qa5 11. b3 Bxa1 12. Bd2 Qd8 13. Rxa1 Ne7 14. Bh6 Qc7 15. Qf3 dxe4 16. Bxe4 f5 17. Bd3 e5 18. Bc4 e4 19. Qc3 Rg8 20.
Rd1 Ra7 21. Bxg8 Nxg8 22. Be3 Ra8 23.
Bb6 Qb7 24. Rd8+ Kf7 25. Qh8 Nf6 26. Qf8+ Ke6 27. Nc5+ 1-0

[Event "15. ročník Dobrovický rapid Tereos TTD a.s."]
[Site "Dobrovice, Czech Republic"]
[Date "2020.02.29"]
[Round "3.6"]
[White "Hosticka Frantisek"]
[Black "Korinek Pavel"]
[Result "1-0"]
[TimeControl "15m + 3s / tah"]
[WhiteElo "2106"]
[BlackElo "1950"]

1. e4 e5 2. Bb5 Nf6 3. Qe2 Bc5 4.
Nf3 c6 5. Ba4 d6 6. c3 O-O 7. O-O Bg4 8. h3 Bh5 9. d3 b5 10.
Bc2 a5 11. Rd1 Bb6 12. Nbd2 Nbd7 13. Nf1 Qc7 14. Ng3 Bg6 15.
Nh4 d5 16. Nhf5 Rae8 17. Qf3 h6 18. h4 d4 19. h5 Bh7 20. a4 dxc3 21. bxc3 Bc5 22. Bb3 Kh8 23. d4 exd4 24. cxd4 Bb4 25.
e5 Nd5 26. Bxd5 cxd5 27. axb5 Nb6 28. Nxg7 Kxg7 29. Qf6+ Kg8 30. Bxh6 Re6 31. Qg7# 1-0

[Event "15. ročník Dobrovický rapid Tereos TTD a.s."]
[Site "Dobrovice, Czech Republic"]
[Date "2020.02.29"]
[Round "3.7"]
[White "Danek Pavel"]
[Black "Kaderabek Jiri"]
[Result "1/2-1/2"]
[TimeControl "15m + 3s / tah"]
[WhiteElo "1844"]
[BlackElo "2105"]

1. d4 Nf6 2. Nf3 b6 3. Bg5 Bb7 4. Nbd2 g6 5. e3 Bg7 6. Bd3 d6 7. c3 Nbd7 8. Qc2 c5 9. O-O O-O 10.
Rae1 Qc7 11. Qb1 Rfe8 12. Ne4 Nxe4 13. Bxe4 d5 14. Bd3 f6 15. Bh4 e5 16. dxe5 fxe5 17. e4 d4 18. Bc4+ Kh8 19.
Ng5 Bf6 20. Nf7+ Kg7 21. Qc1 Bxh4 22. Qh6+ Kf6 23. Qxh4+ Kg7 24. Qh6+ Kf6 25. f4 Ke7 1/2-1/2

[Event "15. ročník Dobrovický rapid Tereos TTD a.s."]
[Site "Dobrovice, Czech Republic"]
[Date "2020.02.29"]
[Round "3.8"]
[White "Zahorbensky Jaroslav"]
[Black "Partl Miloslav"]
[Result "1-0"]
[TimeControl "15m + 3s / tah"]
[WhiteElo "2105"]
[BlackElo "1841"]

1. e4 d6 2. d4 c6 3. a4 a5 4. Nf3 Na6 5. c3 g6 6. Bd3 Bg7 7. O-O Nf6 8. h3 O-O 9. Be3 Bd7 10. Qd2 Nc7 11. Na3 b5 12. Bh6 d5 13. Bxg7 Kxg7 14.
e5 Ne4 15. Bxe4 dxe4 16. Ng5 b4 17.
Nc4 bxc3 18. bxc3 f5 19. exf6+ exf6 20. Nxe4 Be6 21. Ne3 Nd5 22. Nc5 Bg8 23. Ng4 h5 24. Nh2 Rb8 25. Rab1 Qd6 26.
Nf3 Nf4 27. Rfe1 Rxb1 28. Rxb1 Bd5 29. Rb7+ Rf7 30. Rxf7+ Kxf7 31. Qe3 g5 32. Ne1 g4 33. hxg4 hxg4 34. Ncd3 Ne6 35. f3 g3 36. f4 Bc4 37.
Qxg3 Qa3 38. f5 Nxd4 39. cxd4 Qa1 40. Qc7+ Kf8 41. Qd6+ Kg7 42. Kh2 Qxa4 43. Nf4 Qd1 44. Nf3 a4 45.
Qe7+ Kg8 46. Ng6 Qb3 1-0

[Event "15. ročník Dobrovický rapid Tereos TTD a.s."]
[Site "Dobrovice, Czech Republic"]
[Date "2020.02.29"]
[Round "3.9"]
[White "Szeko Ludovit"]
[Black "Pirvulescu Adrian"]
[Result "1-0"]
[TimeControl "15m + 3s / tah"]
[WhiteElo "2051"]
[BlackElo "1829"]

1. Nf3 c5 2. g3 g6 3.
Bg2 Bg7 4. d3 Nc6 5. O-O d6 6. e4 e5 7. c3 Nge7 8. Nbd2 a5 9. a4 O-O 10. Qc2 d5 11. Re1 d4 12. Nc4 Be6 13. Na3 h6 14. Nb5 Qd7 15. Bd2 Rfd8 16. c4 Bh3 17. Rad1 Kh7 18. Bc1 Nb4 19. Qe2 Bg4 20.
Qf1 Ra6 21. h3 Be6 22. g4 g5 23. Nh2 Ng6 24. Qe2 f6 25. Nf1 Nh4 26. Ng3 Rc8 27. Bh1 Bf7 28. Nf5 Nxf5 29. exf5 Be8 30. Be4 Qe7 31. f4 exf4 32.
Qf3 Bxb5 33. axb5 Rb6 34. h4 Qc7 35. Re2 Rd8 36. Rh2 Na2 37. Bd2 Nb4 38. Kg2 Rd7 39. Rdh1 Re7 1-0

[Event "15. ročník Dobrovický rapid Tereos TTD a.s."]
[Site "Dobrovice, Czech Republic"]
[Date "2020.02.29"]
[Round "3.12"]
[White "Joukl Zdenek"]
[Black "Rezac Jindrich"]
[Result "1-0"]
[TimeControl "15m + 3s / tah"]
[WhiteElo "2022"]
[BlackElo "1806"]

1. d4 Nf6 2. Nf3 d5 3. Bf4 Bf5 4. e3 e6 5. Be2 c5 6. c3 Be7 7. h3 h6 8. Nbd2 Nc6 9. O-O O-O 10.
Ne5 Nxe5 11. dxe5 Ne4 12. f3 Nxd2 13. Qxd2 Qb6 14. Kh1 Rfd8 15. Rfd1 Rac8 16. b3 f6 17. Qb2 d4 18. e4 Bg6 19.
Bc4 fxe5 20. Bxe5 Bf6 21. Bxf6 gxf6 22. cxd4 Rxd4 23. Rxd4 cxd4 24. Rd1 Rd8 25. Qa3 Rd7 26. Qa4 Rd8 27.
Qa3 Rd7 28. Qc1 Kg7 29. Qf4 Qd6 30. Qg4 e5 31. h4 h5 32. Qg3 a6 33. a4 Qb4 34. f4 exf4 35. Qxf4 Qc3 36. Rf1 d3 37. Be6 Re7 38. Bf5 d2 39.
Bxg6 Kxg6 40. Rd1 Rd7 41. Qf5+ Kg7 42. Qf4 1-0

[Event "15. ročník Dobrovický rapid Tereos TTD a.s."]
[Site "Dobrovice, Czech Republic"]
[Date "2020.02.29"]
[Round "3.13"]
[White "Petrun Milan"]
[Black "Burdalev Kirill"]
[Result "0-1"]
[TimeControl "15m + 3s / tah"]
[WhiteElo "1955"]
[BlackElo "2334"]

1. d4 Nf6 2. c4 e6 3. Nf3 d5 4. Nc3 Bb4 5. Bg5 h6 6. Bd2 O-O 7. e3 c6 8. Rc1 Nbd7 9. Bd3 Re8 10.
O-O Qe7 11. a3 Bd6 12. cxd5 exd5 13. Nh4 g6 14. Nxg6 fxg6 15. Bxg6 Rd8 16. e4 Nf8 17. Bh5 dxe4 18. f3 Nxh5 19.
fxe4 Qh4 20. Qb3+ Kh8 21. Rf3 Qxh2+ 22. Kf1 Bg4 23. Qf7 Bxf3 0-1

[Event "15. ročník Dobrovický rapid Tereos TTD a.s."]
[Site "Dobrovice, Czech Republic"]
[Date "2020.02.29"]
[Round "3.14"]
[White "Sorm Daniel"]
[Black "Kohout Jan"]
[Result "1-0"]
[TimeControl "15m + 3s / tah"]
[WhiteElo "2310"]
[BlackElo "1850"]

1. d4 Nf6 2. c4 e6 3. Nc3 d5 4. cxd5 exd5 5. Bg5 c6 6. Qc2 Be7 7. e3 O-O 8.
Bd3 h6 9. Bh4 Re8 10. Nge2 Ne4 11. Bxe7 Qxe7 12. Bxe4 dxe4 13. O-O b6 14. f3 exf3 15. Rxf3 Nd7 16. Raf1 Nf6 17. e4 Bg4 18.
Rf4 Bxe2 19. Qxe2 Rad8 20. Rxf6 gxf6 21. Qg4+ Kh8 22. Qh4 Kg7 23. Rf3 Rh8 24. e5 Kf8 25. Rxf6 Kg8 1-0

[ePGN "0.1;DGT LiveChess/2.2.5"]

[Event "15. ročník Dobrovický rapid Tereos TTD a.s."]
[Site "Dobrovice, Czech Republic"]
[Date "2020.02.29"]
[Round "4.1"]
[White "Suran Jan"]
[Black "Plat Vojtech"]
[Result "0-1"]
[TimeControl "15m + 3s / tah"]
[WhiteElo "2335"]
[BlackElo "2553"]

1. e4 e5 2. Nf3 Nc6 3. Bb5 a6 4.
Ba4 g6 5. O-O Bg7 6. c3 Nge7 7.
d4 exd4 8. cxd4 O-O 9. d5 b5 10. Bc2 Na5 11.
Bd2 Nc4 12. Bc3 Nxb2 13. Qc1 Nc4 14. Bxg7 Kxg7 15. Bb3 Nb6 16. Qc3+ f6 17. Nbd2 d6 18. Rac1 Ra7 19. Nd4 Bd7 20. f4 a5 21. a3 Qb8 22.
N2f3 b4 23. axb4 axb4 24. Qxb4 Na4 25. Qxb8 Rxb8 26. Bxa4 Bxa4 27. Ne6+ Kf7 28. Rxc7 Rxc7 29. Nxc7 Rc8 30. Ne6 h6 31. Nfd4 f5 32. Ra1 Rc4 33.
exf5 gxf5 34. Re1 Bd7 35. g3 Kf6 36. Nf8 Bc8 37. Nde6 Nxd5 38. Nh7+ Kf7 39. Nd8+ Kg7 40. Rd1 Ne7 41. Nf8 Kf6 0-1

[Event "15. ročník Dobrovický rapid Tereos TTD a.s."]
[Site "Dobrovice, Czech Republic"]
[Date "2020.02.29"]
[Round "4.2"]
[White "Zwardon Vojtech"]
[Black "Hosticka Frantisek"]
[Result "1-0"]
[TimeControl "15m + 3s / tah"]
[WhiteElo "2460"]
[BlackElo "2106"]

1. c4 e5 2. g3 Nf6 3. Bg2 Nc6 4. Nf3 Bc5 5. O-O O-O 6. Nxe5 Bxf2+ 7. Rxf2 Nxe5 8. d3 Neg4 9. Rf4 Qe7 10. e4 Qc5+ 11. d4 Qxc4 12. e5 Nxe5 13. dxe5 Qc5+ 14. Qd4 Qxc1+ 15. Rf1 1-0

[Event "15. ročník Dobrovický rapid Tereos TTD a.s."]
[Site "Dobrovice, Czech Republic"]
[Date "2020.02.29"]
[Round "4.4"]
[White "Velicka Petr"]
[Black "Szeko Ludovit"]
[Result "1/2-1/2"]
[TimeControl "15m + 3s / tah"]
[WhiteElo "2395"]
[BlackElo "2051"]

1. e4 Nf6 2. e5 Ng8 3. d4 d6 4. exd6 exd6 5. c4 Nf6 6. Nc3 Be7 7. Nf3 O-O 8. Be2 Re8 9. O-O c6 10. Be3 d5 11. c5 a5 12. a3 Nbd7 13. b4 Nf8 14.
Ne5 Ng6 15. f4 Bf5 16. g4 Ne4 17. Na4 Bc8 18. Bf3 Nh4 19. Bxe4 dxe4 20. Nb6 Ra6 21. f5 f6 22. Nec4 Nf3+ 23.
Rxf3 exf3 24. Qxf3 axb4 25. a4 Bf8 26.
Rb1 g6 27. Rxb4 gxf5 28. gxf5 Kh8 29. Rb2 Be7 30. Rg2 Rg8 31. Qe4 Rxg2+ 32. Kxg2 Bf8 33. Bf4 Bd7 34. Bd6 Bg7 35. Kf2 Qe8 36.
Qxe8+ Bxe8 37. Be7 Bh5 38. Ke1 Kg8 39. Nd6 Ra7 40. Kd2 Bf3 41. Kc2 Bg4 42. Kc3 Bf8 43. Bxf6 Bxd6 44. cxd6 Bxf5 45.
d7 Bxd7 46. Nxd7 Rxa4 47. Be5 Kf7 48. Nc5 Ra7 49. Kb3 b6 50. Ne4 Ke6 51. Nc3 c5 52. Bh8 cxd4 53. Bxd4 Kf5 54. Kb4 Rb7 55.
Na4 Kg4 56. Kb5 Kh3 57. Be5 Re7 58.
Bg3 Re2 1/2-1/2

[Event "15. ročník Dobrovický rapid Tereos TTD a.s."]
[Site "Dobrovice, Czech Republic"]
[Date "2020.02.29"]
[Round "4.5"]
[White "Burdalev Kirill"]
[Black "Joukl Zdenek"]
[Result "1-0"]
[TimeControl "15m + 3s / tah"]
[WhiteElo "2334"]
[BlackElo "2022"]

1. d4 d5 2. Bf4 Bf5 3. e3 e6 4. Nf3 Nf6 5. c4 c6 6. Nc3 Bd6 7. Ne5 h6 8. Qb3 b6 9. cxd5 exd5 10.
Qa4 O-O 11. Be2 b5 12. Qb3 a5 13. a4 b4 14. Nd1 Re8 15. Rc1 c5 16. Bb5 c4 17. Qa2 Re7 18. O-O Ne4 19. f3 Nd2 20. e4 Bxe5 21. dxe5 b3 22. Qa3 dxe4 23.
Rf2 exf3 24. Rxd2 Qb6+ 25. Be3 Qc7 26. Qd6 Kh7 27. Qxc7 Rxc7 28. Rxc4 Rxc4 29. Bxc4 Nc6 30. Bd5 Rc8 31. Bxc6 Rxc6 32. gxf3 Rc4 33. Nc3 h5 34. Kf2 h4 35.
Bb6 h3 36. Bxa5 g5 37. Bb6 g4 38. a5 Rf4 39. a6 Rxf3+ 40. Ke1 Bc8 41. a7 Ba6 42. Rf2 Re3+ 43. Bxe3 1-0

[Event "15. ročník Dobrovický rapid Tereos TTD a.s."]
[Site "Dobrovice, Czech Republic"]
[Date "2020.02.29"]
[Round "4.6"]
[White "Koper Stefan"]
[Black "Sorm Daniel"]
[Result "0-1"]
[TimeControl "15m + 3s / tah"]
[WhiteElo "1915"]
[BlackElo "2310"]

1. d4 d5 2. c4 e6 3. cxd5 exd5 4. Nc3 c6 5. Nf3 Bf5 6. Bf4 Qb6 7. Bc1 Nf6 8. e3 Nbd7 9. Bd3 Bg4 10.
h3 Bh5 11. Be2 Bd6 12. O-O O-O 13. a3 Rae8 14. b4 Bb8 15. Ne1 Qc7 16. g3 Bg6 17. Bf3 Ne4 18. Nxe4 dxe4 19. Bg2 h5 20.
h4 Nf6 21. Bh3 Nd5 22. Ng2 Qe7 23. Bd2 Qf6 24. Qe2 Bf5 25. Bxf5 Qxf5 26. Kh2 Nf6 27. Nf4 Ng4+ 28. Kg2 f6 29.
Rh1 Rf7 30. a4 Rfe7 31. Ra3 Bd6 32. Rb3 Kh7 33. b5 c5 34. dxc5 Bxc5 35. Bb4 Rd7 36. Bxc5 Qxc5 37. Rb2 Rc8 38.
a5 g6 39. a6 b6 40. Ne6 Qd5 41. Nd4 Ne5 42. Rc2 Rdc7 43. Rhc1 Rc5 44. Nc6 Nxc6 45. bxc6 R8xc6 46. Rd2 Qf5 47.
Rcd1 Rc7 48. Rd8 Rc2 49. R1d2 Rxd2 50.
Qxd2 g5 51. hxg5 Qxg5 52. Rd7+ 0-1

[Event "15. ročník Dobrovický rapid Tereos TTD a.s."]
[Site "Dobrovice, Czech Republic"]
[Date "2020.02.29"]
[Round "4.7"]
[White "Kaderabek Jiri"]
[Black "Kykal Zbynek"]
[Result "1/2-1/2"]
[TimeControl "15m + 3s / tah"]
[WhiteElo "2105"]
[BlackElo "1827"]

1. e4 c6 2. d4 d5 3. e5 Bf5 4. Nf3 e6 5. Be3 Ne7 6.
Be2 Bg6 7. O-O Nf5 8. Nbd2 Be7 9. c4 O-O 10. b3 Nd7 11. h3 Ba3 12. Bg5 Qa5 13. g4 Nxd4 14. Nxd4 Bb2 15. N2f3 c5 16.
Nb5 Nxe5 17. Nxe5 Bxe5 18. Bd2 Qd8 19. Bc3 d4 20. Bb2 a6 21. Na3 Qg5 22. f4 Qh4 23. Rf3 Bc7 24. Bd3 f5 25.
Qe1 Qf6 26. g5 Qe7 27. Nc2 Bh5 28. Rf2 Rae8 29. Be2 Bg6 30. Bf3 Bd6 31. Nxd4 cxd4 32. Bxd4 Bxf4 1/2-1/2

[Event "15. ročník Dobrovický rapid Tereos TTD a.s."]
[Site "Dobrovice, Czech Republic"]
[Date "2020.02.29"]
[Round "4.8"]
[White "Divis Jaroslav"]
[Black "Dubnicka Augustin"]
[Result "1-0"]
[TimeControl "15m + 3s / tah"]
[WhiteElo "2029"]
[BlackElo "1765"]

1. e4 c5 2. Nf3 Nc6 3. d4 cxd4 4.
Nxd4 d6 5. Nc3 g6 6. Bc4 Bg7 7. Be3 Nf6 8. f3 O-O 9. Qd2 Nxd4 10. Bxd4 a6 11. O-O-O Qc7 12. Bb3 b5 13. g4 Be6 14.
Kb1 Bxb3 15. cxb3 b4 16. Bxf6 bxc3 17. Bxc3 Rac8 18. Bxg7 Kxg7 19. h4 h6 20. h5 g5 21. Qd3 Qc5 22. Rc1 Qb5 23. Qxb5 axb5 24. Rxc8
Rxc8 25. Rc1 Rb8 26. Rc7 Kf6 27.
a4 b4 28. Kc2 e5 29. Kd3 Ke6 30. Kc4 Rb6 31. a5 Rb8 32. a6 Rb6 33. a7 Ra6 34. Kxb4 d5 35. Rc6+ 1-0

[Event "15. ročník Dobrovický rapid Tereos TTD a.s."]
[Site "Dobrovice, Czech Republic"]
[Date "2020.02.29"]
[Round "4.9"]
[White "Janicek Jindrich"]
[Black "Danek Pavel"]
[Result "1/2-1/2"]
[TimeControl "15m + 3s / tah"]
[WhiteElo "2022"]
[BlackElo "1844"]

1. Nf3 e6 2. c4 d5 3. d4 c6 4. Nc3 f5 5. Bf4 Nf6 6. e3 Be7 7. Ne5 O-O 8. Bd3 Nbd7 9. Qc2 Nxe5 10.
Bxe5 Ne4 11. O-O Bd6 12. Bxd6 Qxd6 13. c5 Qe7 14. f4 Rf6 15. Nxe4 fxe4 16. Be2 Bd7 17. b4 a6 18. a4 Raf8 19.
Qb3 g5 20. g3 gxf4 21. exf4 Qg7 22. Kh1 Rg6 23. Qe3 Kh8 24.
b5 axb5 25. axb5 Qh6 26. Rg1 Qh3 27. Bf1 Qh6 28. Be2 Qh3 29.
Bf1 1/2-1/2

[Event "15. ročník Dobrovický rapid Tereos TTD a.s."]
[Site "Dobrovice, Czech Republic"]
[Date "2020.02.29"]
[Round "4.10"]
[White "Zemlicka Vit"]
[Black "Janacek Jaroslav"]
[Result "1/2-1/2"]
[TimeControl "15m + 3s / tah"]
[WhiteElo "1915"]
[BlackElo "1979"]

1. e4 d6 2. d4 Nf6 3. Nc3 e5 4. Nge2 Be7 5. g3 c6 6. a4 O-O 7. Bg2 Na6 8. O-O Nb4 9. h3 a5 10.
Be3 Ne8 11. g4 g6 12. Ng3 Ng7 13. f4 exf4 14. Bxf4 Bg5 15. Nce2 Ne6 16. Bxg5 Qxg5 17. c3 Qe3+ 18. Kh2 Na6 19.
Rf3 Qh6 20. Qc1 Qg7 21. Qd2 Nac7 22. Nf5 gxf5 23. gxf5 Kh8 24. fxe6 Nxe6 25. Raf1 f6 26. Nf4 Ng5 27. Rg3 Qh6 28.
Qe2 Bd7 29. Qh5 Qg7 30. h4 Be8 31. Qe2 Qh6 32. Qg4 Rd8 33. Kg1 Bd7 34. hxg5 fxg5 35. Qxg5 Qxg5 36. Rxg5 Rf6 37. Nh5 Rh6 38.
Rf6 Rxf6 39. Nxf6 h6 40. Rxa5 Be6 41. Nh5 Rg8 42. Kf2 Rf8+ 43. Ke3 Rg8 44. Nf4 Bc8 45. Rh5 Kh7 46. Rh4 Rg3+ 47.
Kf2 Rg5 48. Nd3 b5 49. axb5 Rxb5 50. Rf4 Kg6 51. e5 dxe5 52. Nxe5+ Kg5 53. Rf8 Rxb2+ 54. Kg3 Bf5 55. Nf3+ Kg6 56. Nh4+ Kg7 57. Rxf5 Rc2 58. Rf3 h5 59. Nf5+ Kg6 60. Ne3 Re2 61. Nc4 h4+ 62. Kh3 Rc2 63. Ne5+ Kg7 64. Nxc6 Kg8 65.
Ne7+ Kg7 66. Nf5+ Kh6 67. Nxh4 Kg5 68. Nf5 Kg6 69.
Nd6 Kg5 70. c4 Rd2 71. d5 Kg6 72. Ne4 Rd4 73. Nd6 Kg5 74. Rf5+ Kg6 75. Re5 1/2-1/2

[Event "15. ročník Dobrovický rapid Tereos TTD a.s."]
[Site "Dobrovice, Czech Republic"]
[Date "2020.02.29"]
[Round "4.11"]
[White "Jerman Richard"]
[Black "Kopecky Jiri"]
[Result "0-1"]
[TimeControl "15m + 3s / tah"]
[WhiteElo "2046"]
[BlackElo "1927"]

1. e4 c5 2. Nc3 Nc6 3.
Nge2 Nf6 4. d4 cxd4 5.
Nxd4 e5 6. Ndb5 d6 7. Nd5 Nxd5 8. exd5 Nb8 9. c4 a6 10. Nc3 Be7 11. Bd3 O-O 12.
Be3 f5 13. f3 Nd7 14. O-O b6 15. b4 Bb7 16. Qd2 Rc8 17. Rfc1 h6 18. Na4 Bg5 19. Qf2 e4 20. Bxg5 Qxg5 21.
Be2 b5 22. f4 Qe7 23. cxb5 axb5 24. Bxb5 Bxd5 25. Rxc8 Rxc8 26. Bxd7 e3 27. Qg3 Rc2 28. Bb5 Qe4 29. Bf1 e2 30.
Nb6 Qd4+ 31. Kh1 Qxa1 0-1

[Event "15. ročník Dobrovický rapid Tereos TTD a.s."]
[Site "Dobrovice, Czech Republic"]
[Date "2020.02.29"]
[Round "4.12"]
[White "Mejzr Jan"]
[Black "Groh Jiri"]
[Result "0-1"]
[TimeControl "15m + 3s / tah"]
[WhiteElo "1843"]
[BlackElo "2031"]

1. e4 c5 2. c3 Nc6 3. Nf3 Nf6 4. e5 Nd5 5. d4 cxd4 6. cxd4 d6 7. Bc4 Nb6 8. Bb3 dxe5 9. d5 e4 10.
dxc6 Qxd1+ 11. Bxd1 exf3 12. Bxf3 Bf5 13. cxb7 Rd8 14.
Bf4 e5 15. Bxe5 Bb4+ 16. Nc3 Na4 17. O-O Nxb2 18. Bxg7 Rg8 19. Bf6 Rb8 20. Be5 Kd7 21. Bxb8 Rxb8 22. Nd5 Bd6 23. Rfe1 Nd3 24. Red1 Ne5 25. Ne3 Be6 26.
Be4 Ke7 27. Rac1 f5 28. Nxf5+ Bxf5 29. Bxf5 Rxb7 30. f4 Nf7 0-1

[Event "15. ročník Dobrovický rapid Tereos TTD a.s."]
[Site "Dobrovice, Czech Republic"]
[Date "2020.02.29"]
[Round "4.13"]
[White "Partl Miloslav"]
[Black "Vavrinec Tomas"]
[Result "0-1"]
[TimeControl "15m + 3s / tah"]
[WhiteElo "1841"]
[BlackElo "2025"]

1. e4 e6 2. Nf3 d5 3. exd5 exd5 4.
d4 Bg4 5. h3 Bh5 6. Be2 Bd6 7. O-O Nc6 8. Be3 Nf6 9. Nbd2 O-O 10. c4 Re8 11. c5 Bf8 12. Bg5 Be7 13. Re1 Ne4 14. Bxe7 Qxe7 15. Nxe4 dxe4 16. Nd2 Bxe2 17.
Rxe2 Nxd4 18. Rxe4 Qxc5 19. Rc1 Qd5 20. Rxe8+ Rxe8 21. Rxc7 Ne6 22. Rc2 Qxa2 23. Nc4 h6 24. Qd7 Rd8 25. Qxb7 Qb1+ 26. Kh2 Qxc2 27. Ne5 Qc7 0-1

[Event "15. ročník Dobrovický rapid Tereos TTD a.s."]
[Site "Dobrovice, Czech Republic"]
[Date "2020.02.29"]
[Round "4.14"]
[White "Spirek Adam"]
[Black "Jirasek Jiri"]
[Result "1/2-1/2"]
[TimeControl "15m + 3s / tah"]
[WhiteElo "2015"]
[BlackElo "1917"]

1. e4 e5 2. Nc3 Nf6 3. Bc4 Nxe4 4. Qh5 Nd6 5. Bb3 Be7 6. Qxe5 O-O 7. d4 Bf6 8. Qf4 Nc6 9. Nge2 Na5 10.
Bd5 Nac4 11. b3 Nb6 12. Bf3 h6 13. h4 Re8 14. g4 g5 15. hxg5 Bxg5 16. Qh2 Re6 17. Kd1 Qf6 18. Bxg5 Qxg5 19.
Qg3 a6 20. Rh5 Qg7 21. Kc1 Ne8 22. Kb2 Nf6 23. Rf5 Nh7 24. Nf4 Rf6 25. Nh5 Rxf5 26. Nxg7 1/2-1/2

[ePGN "0.1;DGT LiveChess/2.2.5"]

[Event "15. ročník Dobrovický rapid Tereos TTD a.s."]
[Site "Dobrovice, Czech Republic"]
[Date "2020.02.29"]
[Round "5.1"]
[White "Plat Vojtech"]
[Black "Zwardon Vojtech"]
[Result "1-0"]
[TimeControl "15m + 3s / tah"]
[WhiteElo "2553"]
[BlackElo "2460"]

1. d4 Nf6 2. Nf3 e6 3. e3 b6 4. Nbd2 Bb7 5. Bd3 g5 6. Nxg5 Bxg2 7. Rg1 Bb7 8. e4 Rg8 9. Rg3 h6 10. Ngf3 Rxg3 11. hxg3 d6 12. c3 Nc6 13. a4 Qd7 14. b4 a6 15.
Bb2 Bg7 16. Qe2 Ne7 17. Nb3 h5 18. c4 Ng4 19. a5 Ng6 20. axb6 cxb6 21. c5 dxc5 22. bxc5 b5 23. Rc1 Kf8 24.
Na5 Rc8 25. Kf1 Ba8 26. Kg2 Qc7 27. Nb3 h4 28. c6 Bh6 29. Rc5 hxg3 30. fxg3 Ne3+ 31. Kh3 Nf4+ 32. gxf4 Qxf4 33. Nh2 Bxc6 34. Bc1 e5 35. Bxe3 Qxe3+ 36. Qxe3 Bxe3 37. Ng4 Bxd4 38. Nxd4 exd4 39. Ne5 Bb7 40. Kg3 Ke7 41. Rxc8 Bxc8 42. Kf4 Bb7 43. Nf3 Kd6 44. Nxd4 Kc5 45. Ke3 Bc8 46. Be2 Bd7 47. Nb3+ Kb4 48.
Nc1 a5 49. Kd4 a4 50. Nd3+ Ka3 51. Kc3 Bc6 52. e5 Bd7 53. Nb4 Be6 54. Bxb5 Bf5 55. Bc4 Bg6 56. Bd5 f6 57.
exf6 Bf7 58. Nc2# 1-0